 Dungeon Crawl Stone Soup version 0.22.1-1-ga44c0e5 (webtiles) character file.

2043 dvd the Blocker (level 9, 0/68 HPs)
             Began as a Formicid Fighter on Sept 22, 2018.
             Was a Priest of Okawaru.
             Slain by a hornet (9 damage)
             ... on level 6 of the Dungeon.
             The game lasted 00:13:34 (4672 turns).

dvd the Blocker (Formicid Fighter)                  Turns: 4672, Time: 00:13:35

Health: 0/68       AC: 14    Str: 21    XL:     9   Next: 48%
Magic:  9/9        EV: 14    Int: 13    God:    Okawaru [***...]
Gold:   427        SH: 12    Dex: 18    Spells: 8/8 levels left

rFire    + . .     SeeInvis +   F - +6 mace "Demonbane" {protect, rElec rF+}
rCold    . . .     Gourm    +   c - +0 shield
rNeg     . . .     Faith    .   G - +0 chain mail
rPois    .         Spirit   .   (helmet unavailable)
rElec    +         Reflect  .   x - +0 cloak
rCorr    .         Harm     .   (no gloves)
MR       .....                  q - +2 pair of boots
Stlth    ..........             l - amulet of the gourmand
HPRegen  0.21/turn              (no ring)
MPRegen  0.11/turn              (no ring)

@: brilliant, agile, lethally poisoned (0 -> -12)
A: permanent stasis, dig shafts and tunnels, four strong arms, antennae 3
a: Dig, Shaft Self, Heroism, Renounce Religion


You were on level 6 of the Dungeon.
You worshipped Okawaru.
Okawaru was most pleased with you.
You were completely stuffed.

You visited 1 branch of the dungeon, and saw 6 of its levels.

You collected 427 gold pieces.

Inventory:

Hand Weapons
 a - a +2 quarterstaff of chaos
 d - a +2 whip of electrocution
 g - a +0 trident of piercing
 h - a +2 falchion of flaming
 m - a +2 spear of freezing
 F - the +6 mace "Demonbane" (weapon) {protect, rElec rF+}
   (You found it on level 6 of the Dungeon)

   It protects the one who uses it against injury (+AC on strike).
   It protects you from fire.
   It insulates you from electricity.
Missiles
 k - 2 tomahawks (quivered)
Armour
 b - a +0 scale mail
 c - a +0 shield (worn)
 q - a +2 pair of boots (worn)
 x - a +0 cloak (worn)
 G - a +0 chain mail (worn)
Jewellery
 l - an amulet of the gourmand (around neck)
Wands
 t - a wand of flame (85)
Scrolls
 e - 5 scrolls of identify
 i - a scroll of fear
 v - a scroll of remove curse
 y - a scroll of enchant weapon {unknown}
 z - a scroll of noise {unknown}
 A - 3 scrolls of amnesia {unknown}
 B - a scroll of magic mapping
 D - a scroll of fog {unknown}
 H - a scroll of random uselessness {unknown}
Potions
 j - a potion of invisibility
 o - a potion of curing {unknown}
 p - a potion of magic
 r - a potion of mutation {unknown}
 s - 2 potions of brilliance
 u - a potion of berserk rage {unknown}
 w - a potion of degeneration {unknown}
 C - a potion of resistance {unknown}
Comestibles
 f - 13 rations


   Skills:
 + Level 5.3 Fighting
 + Level 0.5 Long Blades
 + Level 1.1(4.0) Maces & Flails
 + Level 4.5(6.0) Polearms
 + Level 6.1(6.9) Staves
 + Level 5.4 Armour
 + Level 2.9 Dodging
 + Level 1.2 Stealth
 + Level 8.0 Shields


You had 8 spell levels left.
You didn't know any spells.
Your spell library contained the following spells:

 Spells                   Type           Power        Failure   Level  Hunger
 Confusing Touch          Hex            #.....       30%         1    ##.....
 Confuse                  Hex            #.......     61%         3    ####...
 Gell's Gravitas          Tloc           #.........   61%         3    ####...
 Petrify                  Tmut/Erth      #.......     91%         4    #####..
 Metabolic Englaciation   Hex/Ice        #.........   99%         5    ######.
 Yara's Violent Unravell  Hex/Tmut       #.........   99%         5    ######.


Dungeon Overview and Level Annotations

Branches:
Dungeon (6/15)             Temple (0/1) D:6

Altars:
Dithmenos
Elyvilon
Nemelex Xobeh
Okawaru
Uskayaw
Vehumet

Shops:
D:5 %   D:6 [

Annotations:
D:5 3 runed doors, Jaiteiro's ghost, novice TrBe


Innate Abilities, Weirdness & Mutations

You cannot be hasted, slowed, berserked, paralysed or teleported.
You can dig through walls and to a lower floor.
Your four strong arms can wield two-handed weapons with a shield.
You have a pair of large antennae on your head. (SInv)


Message History

Unknown command.
It was a potion of brilliance.
You feel clever all of a sudden.
* * * LOW HITPOINT WARNING * * *
You feel sick.
The hornet stings you but does no damage.
You block the hornet's attack.
It was a potion of magic.
Magic courses through your body.
* * * LOW HITPOINT WARNING * * *
You feel sick. You block the hornet's attack.
It was a potion of agility.
You feel agile all of a sudden.
* * * LOW HITPOINT WARNING * * *
You feel sick. You block the hornet's attack.
The hornet stings you but does no damage.
You closely miss the hornet.
The hornet is heavily wounded.
* * * LOW HITPOINT WARNING * * *
You feel sick. The hornet stings you!
You die...

#.#.######.......
#.#..............
#.########.###... #.#
#........p.. #.#
#.##.#.##... #
#.####....#...#.# #..
#.......#####....
.....######..###....#...#p#
.........y@......##.#.###.#
.....##############........
#.. #######.# # ####.#
#....# #.#### #.# #.#
#.####


You could see a hornet.

Vanquished Creatures
  Pikel (D:6)
  Grinder (D:6)
  A sky beast (D:6)
  A phantom (D:4)
  A centaur (D:6)
  6 big kobolds (D:5)
  A bullfrog (D:6)
  A crimson imp (D:5)
  A hound (D:4)
  Crazy Yiuf (D:3)
  A jelly (D:5)
  Jessica (D:3)
  2 iguanas
  Natasha (thrice) (D:3)
  Terence (D:2)
  4 worker ants
  A hound skeleton (D:5)
  4 adders
  4 gnolls
  3 shadow imps (D:6)
  2 worms
  4 dart slugs
  10 leopard geckos
  5 orcs
  11 bats
  11 giant cockroaches
  9 goblins
  7 hobgoblins
  13 jackals
  A quokka (D:2)
  6 frilled lizards
  60 kobolds
  4 rats
182 creatures vanquished.

Vanquished Creatures (collateral kills)
  A jackal (D:4)
1 creature vanquished.

Vanquished Creatures (others)
  An iguana (D:5)
  A quokka (D:6)
2 creatures vanquished.

Grand Total: 185 creatures vanquished

Notes
Turn   | Place    | Note
-------+----------+-------------------------------------------
     0 | D:1      | dvd the Formicid Fighter began the quest for the Orb.
     0 | D:1      | Reached XP level 1. HP: 18/18 MP: 1/1
   109 | D:1      | Reached XP level 2. HP: 24/24 MP: 2/2
   170 | D:1      | Reached skill level 4 in Shields
   215 | D:1      | Found an iron altar of Okawaru.
   231 | D:1      | Reached XP level 3. HP: 28/29 MP: 3/3
   244 | D:1      | Became a worshipper of Warmaster Okawaru
   821 | D:2      | Found a shadowy altar of Dithmenos.
   849 | D:2      | Reached XP level 4. HP: 35/35 MP: 4/4
   855 | D:2      | Noticed Terence
   869 | D:2      | Killed Terence
  1035 | D:2      | Reached XP level 5. HP: 39/41 MP: 5/5
  1214 | D:3      | Noticed Natasha
  1227 | D:3      | Killed Natasha
  1227 | D:3      | Reached skill level 5 in Shields
  1320 | D:3      | Noticed Natasha
  1325 | D:3      | Killed Natasha
  1325 | D:3      | Reached * piety under Okawaru
  1413 | D:3      | Reached XP level 6. HP: 39/48 MP: 6/6
  1467 | D:3      | Noticed Natasha
  1477 | D:3      | Killed Natasha
  1568 | D:3      | Noticed Jessica
  1571 | D:3      | Killed Jessica
  1606 | D:3      | Found a white marble altar of Elyvilon.
  1657 | D:3      | Reached skill level 1 in Dodging
  1788 | D:3      | Found a runed door.
  1792 | D:3      | Noticed Crazy Yiuf
  1797 | D:3      | Killed Crazy Yiuf
  2089 | D:4      | Reached XP level 7. HP: 53/53 MP: 7/7
  2108 | D:4      | Reached skill level 1 in Staves
  2114 | D:4      | Reached ** piety under Okawaru
  2114 | D:4      | Reached skill level 6 in Shields
  2659 | D:5      | Entered Level 5 of the Dungeon
  2677 | D:5      | Found Soudyn's Food Shop.
  2784 | D:5      | Found a runed gate.
  2784 | D:5      | Found a runed gate.
  2784 | D:5      | Found a runed gate.
  3401 | D:5      | Reached XP level 8. HP: 55/61 MP: 8/8
  3593 | D:5      | Reached skill level 1 in Stealth
  3593 | D:5      | Reached skill level 7 in Shields
  3773 | D:5      | Noticed Jaiteiro's ghost (novice TrBe)
  3929 | D:6      | Found a radiant altar of Vehumet.
  3949 | D:6      | Found Negesh's Antique Armour Shoppe.
  3961 | D:6      | Found a sparkling altar of Nemelex Xobeh.
  3961 | D:6      | Found a hide-covered altar of Uskayaw.
  4008 | D:6      | Noticed Pikel
  4019 | D:6      | Killed Pikel
  4019 | D:6      | Reached *** piety under Okawaru
  4019 | D:6      | Reached skill level 5 in Fighting
  4019 | D:6      | Reached skill level 5 in Staves
  4019 | D:6      | Reached skill level 5 in Armour
  4019 | D:6      | Reached XP level 9. HP: 68/68 MP: 9/9
  4074 | D:6      | Noticed Grinder
  4082 | D:6      | Killed Grinder
  4163 | D:6      | Reached skill level 1 in Maces & Flails
  4163 | D:6      | Reached skill level 8 in Shields
  4183 | D:6      | Got an ancient mace
  4184 | D:6      | Identified the +6 mace "Demonbane" {protect, rElec rF+}
                  | (You found it on level 6 of the Dungeon)
  4508 | D:6      | Found a staircase to the Ecumenical Temple.
  4653 | D:6      | Noticed a hornet
  4672 | D:6      | Slain by a hornet

Skill      XL: |  1  2  3  4  5  6  7  8  9 |
---------------+----------------------------+-----
Shields        | 4 5 6 7 8 |  8.0
Polearms       | 3 4 |  4.5
Armour         | 4 5 |  5.4
Dodging        | 1 2 |  2.9
Staves         | 2 5 6 |  6.1
Fighting       | 4 5 |  5.3
Stealth        | 1 |  1.2
Maces & Flails | 1 |  1.1
Long Blades    | |  0.5

Action                   |  1- 3 |  4- 6 |  7- 9 || total
-------------------------+-------+-------+-------++-------
Melee: Trident           |    52 |    17 |       ||    69
       Falchion          |    40 |       |       ||    40
       Spear             |    15 |   131 |       ||   146
       Quarterstaff      |       |    36 |   208 ||   244
       Whip              |       |       |    32 ||    32
       Mace              |       |       |    19 ||    19
  Use: Scroll            |       |     8 |       ||     8
       Potion            |       |       |     4 ||     4
 Stab: Paralysed         |       |       |     2 ||     2
  Eat: Chunk             |       |     4 |    18 ||    22
Armor: Scale mail        |    41 |    75 |    97 ||   213
       Chain mail        |       |       |    10 ||    10
Dodge: Dodged            |    32 |    59 |   129 ||   220
Block: Shield            |    50 |    98 |   188 ||   336
       Rpst.: Falchion   |     7 |       |       ||     7
